 Dungeon Crawl Stone Soup version 0.29-a0-474-gdfe5cd140f (webtiles) character file.

Game seed: 8783810697430060202

642 spiderkeys the Skirmisher (level 7, -3/75 HPs)
             Began as an Ogre Abyssal Knight on May 23, 2022.
             Was an Elder of Lugonu.
             Killed from afar by an orc wizard (8 damage)
             ... with a puff of flame
             ... on level 4 of the Dungeon.
             The game lasted 00:07:39 (3453 turns).

spiderkeys the Skirmisher (Ogre Abyssal Knight)     Turns: 3453, Time: 00:07:40

Health: -3/75      AC:  3    Str: 17 (18) XL:     7   Next: 51%
Magic:  12/12      EV: 10    Int: 10 (13) God:    Lugonu [****..]
Gold:   123        SH:  0    Dex:  7 (9)  Spells: 9/12 levels left

rFire   . . .      SeeInvis .   c - +3 quarterstaff (distort)
rCold   . . .      Faith    .   (shield currently unavailable)
rNeg    . . .      Spirit   .   b - +0 robe
rPois   .          Reflect  .   (helmet restricted)
rElec   .          Harm     .   (no cloak)
rCorr   .          Rampage  .   (gloves unavailable)
Will    .....                   (boots unavailable)
Stlth   +.........              (no amulet)
HPRegen 0.22/turn               (no ring)
MPRegen 0.13/turn               (no ring)

@: no status effects
A: large, unfitting armour, tough skin 1, evolution 1
a: Renounce Religion, Depart the Abyss, Bend Space, Banish, Corrupt


You were on level 4 of the Dungeon.
You worshipped Lugonu.
Lugonu was greatly pleased with you.
You visited 1 branch of the dungeon, and saw 4 of its levels.
You visited the Abyss 1 time.

You collected 123 gold pieces.


Innate Abilities, Weirdness & Mutations

You are too large for most types of armour.
You have tough skin. (AC +1)
You have hidden genetic potential.


   Skills:
 + Level 6.2 Fighting
 - Level 1.8(2.7) Maces & Flails
 + Level 3.3(3.6) Staves
 - Level 3.3 Dodging
 + Level 3.4 Spellcasting
 + Level 4.3 Invocations
 + Level 1.0 Evocations


You had 9 spell levels left.
You knew the following spells:

 Your Spells              Type           Power      Damage    Failure   Level
l - Lesser Beckoning      Tloc           1%         N/A       63%         3

Your spell library contained the following spells:

 Spells                   Type           Power      Damage    Failure   Level
 Shock                    Conj/Air       4%         1d3       26%         1
 Blink                    Tloc           2%         N/A       38%         2
 Summon Guardian Golem    Hex/Summ       1%         N/A       63%         3
 Swiftness                Air            1%         N/A       63%         3
 Airstrike                Air            0%         N/A       95%         4
 Animate Armour           Summ/Erth      2%         N/A       95%         4
 Manifold Assault         Tloc           1%         N/A       100%        5
 Summon Hydra             Summ           0%         N/A       100%        7

Inventory:

Hand Weapons
 a - a +1 mace
 c - a +3 quarterstaff of distortion (weapon)
   (You found it on level 1 of the Dungeon)
Missiles
 i - 89 stones
 l - 5 large rocks {=f}
 z - a boomerang
 B - a throwing net {=f!f}
Armour
 b - a +0 robe (worn)
 k - a +0 robe
   (You found it on level 1 of the Dungeon)
 q - a +0 robe
   (You took it off Sigmund on level 2 of the Dungeon)
 v - a +0 robe
   (You found it on level 2 of the Dungeon)
 y - a +0 robe
   (You took it off an orc wizard on level 3 of the Dungeon)
Wands
 p - a wand of charming (6)
   (You found it on level 2 of the Dungeon)
 t - a wand of flame (15)
   (You took it off Natasha on level 2 of the Dungeon)
 C - a wand of iceblast (13)
   (You found it on level 3 of the Dungeon)
Scrolls
 h - a scroll of amnesia
 m - a scroll of immolation {!r!r}
 o - 2 scrolls of teleportation {@r4}
 s - a scroll of enchant weapon {unknown}
 w - a scroll of summoning
 x - a scroll of fear {unknown}
 A - a scroll of poison {unknown}
 D - a scroll of brand weapon {unknown}
 E - a scroll of identify {@r1}
Potions
 d - a potion of brilliance {unknown}
 e - a potion of flight {unknown}
 f - a potion of ambrosia {unknown}
 j - a potion of degeneration {!q}
 r - a potion of mutation {!q}
 u - 2 potions of attraction {!q}

Dungeon Overview and Level Annotations

Branches:
Dungeon (4/15)
 Temple: D:4-7

Altars:
Hepliaklqana

#####+##.# +......#
#.##.# #.....##
.)).. #...### #.#.#
#...# ... #...# #..
#...# #.. #...#
#####..####.).####
#......@oo)........
#.###.S####...####.
..... +...+ ##....
#...# +...> #...#
#.(.. #...# #....
##### #####


You could see an orc wizard, an orc and a ball python.


Message History

😨 HP[-7]
You take 7 damage, and now have 33/75 hp.
You miss something.
You hear some strange, mumbled words.
You are confused.
You miss something. Something hits you.
* * * LOW HITPOINT WARNING * * *
😨 HP[-2]
You take 2 damage, and now have 31/75 hp.
You bump into the rock wall.
Something completely misses you. 😨 HP[+1]
You bump into the rock wall.
Something hits you.
* * * LOW HITPOINT WARNING * * *
😨 HP[-1]
You take 1 damage, and now have 31/75 hp.
Okay, then.
You bump into the rock wall.
Something completely misses you.
You completely miss something.
You hear the slow rusting of a very distant drain.
Something hits you.
* * * LOW HITPOINT WARNING * * *
😨 HP[-3]
You take 3 damage, and now have 28/75 hp.
You bump into the rock wall.
You feel less confused.
Something hits you but does no damage. 😨 HP[+1]
You miss something.
You hear some strange, mumbled words.
Something tries to affect you, but you resist.
Something hits you.
* * * LOW HITPOINT WARNING * * *
😨 HP[-2]
You take 2 damage, and now have 27/75 hp.
You miss something. Something hits you but does no damage.
You barely miss something. Something hits you but does no damage.
You feel less attractive to monsters.
You sock something! Something hits you.
* * * LOW HITPOINT WARNING * * *
You miss something.
You hear some strange, mumbled words.
You are confused.
You bump into the rock wall.
You hear some strange, mumbled words.
You are more confused.
You bump into the rock wall.
You hear some strange, mumbled words.
A puff of flame appears from out of thin air!
The puff of flame hits you!
* * * LOW HITPOINT WARNING * * *
😨 HP[-8]
You take 8 damage, and now have 19/75 hp.
You bump into the rock wall.
Something hits you.
* * * LOW HITPOINT WARNING * * *
😱 HP[-2]
You take 2 damage, and now have 17/75 hp.
You barely miss something.
Something completely misses you. 😱 HP[+1]
You barely miss something. Something hits you.
* * * LOW HITPOINT WARNING * * *
😱 HP[-4]
You take 4 damage, and now have 14/75 hp.
You're too confused to move!
Something hits you.
* * * LOW HITPOINT WARNING * * *
😱 HP[-3]
You take 3 damage, and now have 11/75 hp.
Something hits you but does no damage.
A ball python comes into view.
Found 32 stones and a club.
Found a stone staircase leading down.
The ball python hisses angrily. 😱 HP[+1]
You bump into the rock wall.
Something hits you.
* * * LOW HITPOINT WARNING * * *
😱 HP[-3]
You take 3 damage, and now have 9/75 hp.
You barely miss the ball python.
An orc wizard appears from thin air!
Reactivating autopickup.
The orc wizard closely misses you. The ball python bites you.
* * * LOW HITPOINT WARNING * * *
😱 HP[-1]
You take 1 damage, and now have 8/75 hp.
You bump into the rock wall.
You feel less confused.
The orc wizard hits you with a +0 dagger.
* * * LOW HITPOINT WARNING * * *
The ball python closely misses you. 😱 HP[-3]
You take 3 damage, and now have 5/75 hp.
You closely miss the orc wizard.
The ball python bites you but does no damage.
The orc wizard barely misses you.
You closely miss the orc wizard. The ball python bites you.
* * * LOW HITPOINT WARNING * * *
The orc wizard completely misses you.
The ball python bites you but does no damage.
You barely miss the orc wizard.
The orc wizard gestures at you while chanting.
The puff of flame hits you!
You die...

Skill      XL: |  1  2  3  4  5  6  7 |
---------------+----------------------+-----
Staves         | 1 2 3 |  3.3
Fighting       | 5 6 |  6.2
Dodging        | 3 |  3.3
Spellcasting   | 2 3 |  3.4
Invocations    | 3 4 |  4.3
Evocations     | 1 |  1.0
Maces & Flails | |  1.8

Action                   |  1- 3 |  4- 6 |  7- 9 || total
-------------------------+-------+-------+-------++-------
Melee: Quarterstaff      |    65 |   103 |    64 ||   232
       Mace              |     1 |       |       ||     1
Throw: Large rock        |       |     1 |       ||     1
       Dart              |       |       |     2 ||     2
Evoke: Wand              |     1 |       |       ||     1
  Use: Scroll            |       |     4 |       ||     4
       Potion            |       |       |     6 ||     6
Armor: Robe              |    24 |    23 |    14 ||    61
Dodge: Dodged            |    45 |    51 |    29 ||   125

Levels and vault maps discovered:
D:1:      lightli_arrival_noodles, layout_basic, minmay_misc_feat_iff,
          ebering_dispersal_statue_hall
D:2:      layout_basic, basic_altar, uniq_natasha, uniq_sigmund
D:3:      layout_loops_ring
D:4:      layout_basic, cheibrodos_sewer_entry_bend, grunt_decor_mini_mirrors

Notes
Turn   | Place    | Note
-------+----------+-------------------------------------------
     0 | Abyss:1  | spiderkeys the Ogre Abyssal Knight began the quest for the
                  | Orb.
     0 | Abyss:1  | Reached XP level 1. HP: 24/24 MP: 2/2
     0 | Abyss:1  | magus.rc [v1.11.3]
    81 | D:1      | You pass through the gate.
    81 | D:1      | Escaped the Abyss
    86 | D:1      | You pick up a book of Spatial Translocations and begin
                  | reading...
    86 | D:1      | You add the spells Blink, Lesser Beckoning and Manifold
                  | Assault to your library.
   291 | D:1      | Reached XP level 2. HP: 30/32 MP: 3/3
   747 | D:1      | Reached skill level 1 in Staves
   766 | D:1      | Reached XP level 3. HP: 36/40 MP: 4/4
   913 | D:2      | Noticed Natasha
   925 | D:2      | Killed Natasha
   984 | D:2      | Reached *** piety under Lugonu
  1076 | D:2      | Noticed Sigmund
  1083 | D:2      | Killed Sigmund
  1084 | D:2      | Reached skill level 5 in Fighting
  1084 | D:2      | Reached skill level 2 in Staves
  1084 | D:2      | Reached skill level 3 in Dodging
  1084 | D:2      | Reached skill level 2 in Spellcasting
  1084 | D:2      | Reached skill level 3 in Invocations
  1084 | D:2      | Reached XP level 4. HP: 27/50 MP: 4/7
  1084 | D:2      | Reached XP level 5. HP: 31/57 MP: 4/8
  1340 | D:2      | Reached XP level 6. HP: 66/66 MP: 9/9
  1380 | D:2      | Found a hazy altar of Hepliaklqana.
  1386 | D:2      | Noticed Natasha
  1395 | D:2      | Killed Natasha
  1540 | D:2      | Noticed Natasha
  1550 | D:2      | Killed Natasha
  2172 | D:2      | Learned a level 3 spell: Lesser Beckoning
  2201 | D:3      | You add the spells Summon Guardian Golem, Animate Armour
                  | and Summon Hydra to your library.
  2201 | D:3      | Got the Tome of the Yeti
  2579 | D:3      | Reached skill level 3 in Staves
  2626 | D:3      | Reached XP level 7. HP: 66/74 MP: 11/11
  2630 | D:3      | Reached **** piety under Lugonu
  3045 | D:3      | You pick up a book of Air and begin reading...
  3045 | D:3      | You add the spells Shock, Swiftness and Airstrike to your
                  | library.
  3206 | D:3      | Reached skill level 3 in Spellcasting
  3339 | D:4      | Reached skill level 6 in Fighting
  3339 | D:4      | Reached skill level 4 in Invocations
  3368 | D:4      | HP: 18/75 [black bear (1)]
  3407 | D:4      | HP: 14/75 [orc priest/+0 dagger (3)]
  3412 | D:4      | Reached skill level 1 in Evocations
  3415 | D:4      | HP: 14/75 [orc/+0 dagger (4)]
  3417 | D:4      | Gained mutation: You have hidden genetic potential. [potion
                  | of mutation]
  3442 | D:4      | HP: 17/75 [something (2)]
  3448 | D:4      | HP: 9/75 [something (3)]
  3453 | D:4      | Killed from afar by an orc wizard

Vanquished Creatures
  Sigmund (D:2)
  A black bear (D:4)
  A jelly (D:3)
  A hound (D:3)
  3 orc priests
  Natasha (thrice) (D:2)
  An orc wizard (D:3)
  2 adders (D:3)
  An ufetubus (D:3)
  5 worms
  A dart slug (D:2)
  8 orcs
  9 endoplasms
  4 giant cockroaches
  7 goblins
  3 hobgoblins
  2 jackals (D:1)
  A quokka (D:3)
  9 ball pythons
  9 bats
  5 frilled lizards
  2 kobolds
  4 rats
83 creatures vanquished.

Table legend:
 A = Non-vault XP
 B = Vault XP
 C = Vault XP percentage of total XP
 D = Non-vault monster count
 E = Vault monster count
 F = Vault count percentage of total count
                 A         B        C        D         E       F
            +---------+---------+-------+---------+---------+-------
      Total |     660 |     258 |  28.1 |      83 |       2 |   2.4
            +---------+---------+-------+---------+---------+-------
        D:1 |      34 |       0 |   0.0 |      22 |       0 |   0.0
        D:2 |     119 |     258 |  68.4 |      25 |       2 |   7.4
        D:3 |     234 |       0 |   0.0 |      26 |       0 |   0.0
        D:4 |     273 |       0 |   0.0 |      10 |       0 |   0.0
            +---------+---------+-------+---------+---------+-------

Illustrated notes

Table legend:
 A = Kills in this place as a percentage of kills in entire the game.
 B = Kills by you in this place as a percentage of kills by you in the entire game.
 C = Kills by friends in this place as a percentage of kills by friends in the entire game.
 D = Other kills in this place as a percentage of other kills in the entire game.
 E = Experience gained in this place as a percentage of experience gained in the entire game.
 F = Experience gained in this place divided by the number of levels of this place that you have seen.
                   A       B       C       D       E      F
               +-------+-------+-------+-------+-------+----------------------
         Total | 100.0 | 100.0 |   N/A | 100.0 | 100.0 | 183.6
       Dungeon | 100.0 | 100.0 |   N/A | 100.0 | 100.0 | 229.5
               +-------+-------+-------+-------+-------+----------------------

Table legend: (Time is in decaauts)
 A = Elapsed time spent in this place.
 B = Non-inter-level travel time spent in this place.
 C = Inter-level travel time spent in this place.
 D = Time resting spent in this place.
 E = Time spent auto-exploring this place.
 F = Levels seen in this place.
 G = Mean time per level.
                   A        B        C        D        E       F      G
               +--------+--------+--------+--------+--------+-----+--------+
         Total |   3490 |   3471 |     19 |    281 |   2501 |   5 |  698.0 |
       Dungeon |   3409 |   3390 |     19 |    281 |   2428 |   4 |  852.2 |
         Abyss |     81 |     81 |      0 |      0 |     73 |   1 |   81.0 |
               +--------+--------+--------+--------+--------+-----+--------+

Top non-repeatable levels by time:
     D:2: 1287 daAuts
     D:3: 1061 daAuts
     D:1: 837 daAuts
     D:4: 222 daAuts
 Abyss:1: 81 daAuts
